 Dungeon Crawl Stone Soup version 0.26-a0-784-g51bffae0b1 (webtiles) character file.

Game seed: 2909245253494043457

128 Kinoniko the Insei (level 5, -3/40 HPs)
             Began as a Gnoll Transmuter on Nov 10, 2020.
             Slain by an orc
             ... wielding a cursed +0 flail
              (6 damage)
             ... on level 3 of the Dungeon.
             The game lasted 00:02:48 (2320 turns).

Kinoniko the Insei (Gnoll Transmuter)               Turns: 2320, Time: 00:02:49

Health: -3/40      AC:  9    Str: 13    XL:     5   Next: 12%
Magic:  12/12      EV:  7    Int: 16    God:
Gold:   183        SH:  0    Dex: 15    Spells: 11/14 levels left

rFire    . . .     SeeInvis .   h - +0 glaive
rCold    + . .     Faith    .   (shield currently unavailable)
rNeg     . . .     Spirit   .   g - +1 chain mail {rC+}
rPois    .         Reflect  .   (no helmet)
rElec    .         Harm     .   (no cloak)
rCorr    .         Rampage  .   (no gloves)
MR       .....                  (no boots)
Stlth    ..........             (no amulet)
HPRegen  0.13/turn              (no ring)
MPRegen  0.13/turn              (no ring)

@: mighty, attractive
A: distributed training, fangs 1, strong nose
a: no special abilities


You were on level 3 of the Dungeon.
You visited 1 branch of the dungeon, and saw 3 of its levels.

You collected 183 gold pieces.

Inventory:

Hand Weapons
 e - a +0 whip
 h - a +0 glaive (weapon)
Armour
 a - a +0 robe
 g - a +1 chain mail of cold resistance (worn)
Scrolls
 c - 2 scrolls of identify {unknown}
 f - 3 scrolls of teleportation {unknown}
 i - 2 scrolls of enchant armour {unknown}
 j - a scroll of enchant weapon {unknown}
 k - a scroll of immolation {unknown}
Potions
 d - a potion of might


   Skills:
 + Level 2.9 Fighting
 + Level 1.3 Short Blades
 + Level 1.3 Long Blades
 + Level 1.3 Axes
 + Level 1.3 Maces & Flails
 + Level 1.3 Polearms
 + Level 1.3 Staves
 + Level 1.3 Slings
 + Level 1.3 Bows
 + Level 1.3 Crossbows
 + Level 1.3 Throwing
 + Level 1.3 Armour
 + Level 4.7 Dodging
 + Level 1.3 Stealth
 + Level 1.3 Shields
 + Level 6.6 Unarmed Combat
 + Level 5.1 Spellcasting
 + Level 1.1 Conjurations
 + Level 1.1 Hexes
 + Level 1.1 Summonings
 + Level 1.1 Necromancy
 + Level 1.1 Translocations
 + Level 3.9 Transmutations
 + Level 1.1 Fire Magic
 + Level 1.1 Ice Magic
 + Level 1.1 Air Magic
 + Level 1.1 Earth Magic
 + Level 1.1 Poison Magic
 + Level 1.5 Invocations
 + Level 1.3 Evocations


You had 11 spell levels left.
You knew the following spells:

 Your Spells              Type           Power        Failure   Level
a - Beastly Appendage     Tmut           ###...       71%         1
b - Wereblood             Tmut           ###.....     83%         2

Your spell library contained the following spells:

 Spells                   Type           Power        Failure   Level
 Spider Form              Tmut/Pois      ##........   99%         3
 Ice Form                 Ice/Tmut       ##......     100%        4
 Blade Hands              Tmut           ###.......   100%        5


Dungeon Overview and Level Annotations

Branches:
Dungeon (3/15)

Altars:
Cheibriados


Innate Abilities, Weirdness & Mutations

Your experience applies equally to all skills.
You have very sharp teeth.
Your uncanny sense of smell can sniff out nearby items.


Message History

Your chain mail prevents you from hitting Terence.
Terence is heavily wounded.
Terence hits you but does no damage.
You hit Terence.
Terence is severely wounded.
Terence hits you but does no damage. x2
You slash Terence!
You kill Terence!
You have reached level 5!
The orc is pulled toward you! The orc hits you with a +0 club.
* * * LOW HITPOINT WARNING * * *
You barely miss the orc. The orc barely misses you.
The orc hits you but does no damage.
You slice the orc!!
You kill the orc!
The orc is pulled toward you!
The orc hits you with a cursed +0 flail.
* * * LOW HITPOINT WARNING * * *
The orc hits you with a cursed +0 flail.
You die...

#.## #..#.#### #.#
#..#.# #### #.#
#....#### ...# ##.#
##....... ... #..#
#.#.#### # #.##.####
##...# ...
#.....>.###..###
.....###..........######
.>....o@...........#...#
......##.........#.#...#
..... #.........#.#...#
.... ##......#.#.....#
... #.........##.... ..
..............# .
...............
.........#...#
.......#####


You could see an orc.

Vanquished Creatures
  Terence (D:3)
  Natasha (D:3)
  2 adders (D:2)
  An ooze (D:3)
  A worm (D:2)
  A dart slug (D:2)
  2 leopard geckos (D:2)
  2 orcs (D:3)
  2 giant cockroaches
  A goblin (D:1)
  8 hobgoblins
  6 jackals (D:2)
  4 bats
  6 frilled lizards
  6 kobolds
  4 rats
48 creatures vanquished.

Notes
Turn   | Place    | Note
-------+----------+-------------------------------------------
     0 | D:1      | Kinoniko the Gnoll Transmuter began the quest for the Orb.
     0 | D:1      | Reached XP level 1. HP: 17/17 MP: 6/6
   257 | D:1      | Reached XP level 2. HP: 15/23 MP: 7/7
   756 | D:1      | Learned a level 2 spell: Wereblood
   842 | D:2      | Found a snail-covered altar of Cheibriados.
   957 | D:2      | Reached XP level 3. HP: 28/28 MP: 9/9
   966 | D:2      | Reached skill level 5 in Spellcasting
  1077 | D:2      | Reached skill level 1 in Invocations
  1635 | D:2      | Reached skill level 1 in Short Blades
  1635 | D:2      | Reached skill level 1 in Long Blades
  1635 | D:2      | Reached skill level 1 in Axes
  1635 | D:2      | Reached skill level 1 in Maces & Flails
  1635 | D:2      | Reached skill level 1 in Polearms
  1635 | D:2      | Reached skill level 1 in Staves
  1635 | D:2      | Reached skill level 1 in Slings
  1635 | D:2      | Reached skill level 1 in Bows
  1635 | D:2      | Reached skill level 1 in Crossbows
  1635 | D:2      | Reached skill level 1 in Throwing
  1635 | D:2      | Reached skill level 1 in Armour
  1635 | D:2      | Reached skill level 1 in Stealth
  1635 | D:2      | Reached skill level 1 in Shields
  1635 | D:2      | Reached skill level 1 in Evocations
  1964 | D:2      | Reached XP level 4. HP: 34/34 MP: 11/11
  2234 | D:3      | Noticed Natasha
  2243 | D:3      | Killed Natasha
  2243 | D:3      | Reached skill level 1 in Conjurations
  2243 | D:3      | Reached skill level 1 in Hexes
  2243 | D:3      | Reached skill level 1 in Summonings
  2243 | D:3      | Reached skill level 1 in Necromancy
  2243 | D:3      | Reached skill level 1 in Translocations
  2243 | D:3      | Reached skill level 1 in Fire Magic
  2243 | D:3      | Reached skill level 1 in Ice Magic
  2243 | D:3      | Reached skill level 1 in Air Magic
  2243 | D:3      | Reached skill level 1 in Earth Magic
  2243 | D:3      | Reached skill level 1 in Poison Magic
  2300 | D:3      | Noticed Terence
  2318 | D:3      | Killed Terence
  2318 | D:3      | Reached XP level 5. HP: 11/40 MP: 12/12
  2320 | D:3      | Slain by an orc

Illustrated notes

Levels and vault maps discovered:
D:1:      dpeg_arrival_rooms_a, layout_basic
D:2:      layout_basic, overflow_temple_1_default, serial_glass,
          glass_columns_c, glass_columns_a, glass_columns_b, glass_columns_a,
          minmay_splitting_lines
D:3:      layout_rooms, corexii_hall_statues_l, uniq_jessica, uniq_terence,
          uniq_sigmund, uniq_robin, uniq_natasha

Skill      XL: |  1  2  3  4 |
---------------+-------------+-----
Spellcasting   | 5 |  5.1
Invocations    | 1 |  1.5
Short Blades   | 1 |  1.3
Long Blades    | 1 |  1.3
Axes           | 1 |  1.3
Maces & Flails | 1 |  1.3
Polearms       | 1 |  1.3
Staves         | 1 |  1.3
Slings         | 1 |  1.3
Bows           | 1 |  1.3
Crossbows      | 1 |  1.3
Throwing       | 1 |  1.3
Armour         | 1 |  1.3
Stealth        | 1 |  1.3
Shields        | 1 |  1.3
Evocations     | 1 |  1.3
Conjurations   | 1 |  1.1
Hexes          | 1 |  1.1
Summonings     | 1 |  1.1
Necromancy     | 1 |  1.1
Translocations | 1 |  1.1
Fire Magic     | 1 |  1.1
Ice Magic      | 1 |  1.1
Air Magic      | 1 |  1.1
Earth Magic    | 1 |  1.1
Poison Magic   | 1 |  1.1
Fighting       | |  2.9
Dodging        | |  4.7
Unarmed Combat | |  6.6
Transmutations | |  3.9

Action                   |  1- 3 |  4- 6 || total
-------------------------+-------+-------++-------
Melee: Unarmed           |    21 |       ||    21
       Whip              |   107 |       ||   107
       Bite              |    24 |     1 ||    25
       Punch             |     1 |       ||     1
       Glaive            |    54 |    47 ||   101
  Use: Potion            |       |     2 ||     2
Armor: Robe              |     2 |       ||     2
       Chain mail        |   115 |    39 ||   154
Dodge: Dodged            |    94 |    21 ||   115

Table legend: (Time is in decaauts)
 A = Elapsed time spent in this place.
 B = Non-inter-level travel time spent in this place.
 C = Inter-level travel time spent in this place.
 D = Time resting spent in this place.
 E = Time spent auto-exploring this place.
 F = Levels seen in this place.
 G = Mean time per level.
                   A        B        C        D        E       F      G
               +--------+--------+--------+--------+--------+-----+--------+
         Total |   2389 |   2329 |     60 |    386 |   1489 |   3 |  796.3 |
       Dungeon |   2389 |   2329 |     60 |    386 |   1489 |   3 |  796.3 |
               +--------+--------+--------+--------+--------+-----+--------+

Top non-repeatable levels by time:
     D:2: 1352 daAuts
     D:1: 782 daAuts
     D:3: 254 daAuts
